 Dungeon Crawl Stone Soup version 0.29.1-13-g9f3cf754e1 (webtiles) character file.

Game seed: 9435259905099504185

63 Thatpatchoflichen the Shooter (level 3, -2/29 HPs)
             Began as a Demonspawn Hunter on Feb 2, 2023.
             Slain by Terence
             ... wielding a +0 flail
              (7 damage)
             ... on level 3 of the Dungeon.
             The game lasted 00:09:48 (1734 turns).

Thatpatchoflichen the Shooter (Demonspawn Hunter)   Turns: 1734, Time: 00:09:49

Health: -2/29      AC:  6    Str: 11    XL:     3   Next: 89%
Magic:  3/3        EV: 12    Int: 10    God:
Gold:   95         SH:  5    Dex: 18    Spells: 2/2 levels left

rFire   . . .      SeeInvis .   a - +0 shortbow
rCold   . . .      Faith    .   (shield currently unavailable)
rNeg    . . .      Spirit   .   c - +0 leather armour
rPois   .          Reflect  +   r - +0 hat
rElec   .          Harm     .   (no cloak)
rCorr   .          Rampage  .   (no gloves)
Will    .....                   i - +0 pair of boots
Stlth   ++........              e - amulet of reflection
HPRegen 0.09/turn               (no ring)
MPRegen 0.08/turn               (no ring)

@: no status effects
A: slimy green scales 1, powered by death 1
a: no special abilities


You were on level 3 of the Dungeon.
You visited 1 branch of the dungeon, and saw 3 of its levels.

You collected 95 gold pieces.

Inventory:

Hand Weapons
 a - a +0 shortbow (weapon)
 g - a +1 dagger of speed
 q - the +2 hand axe "Dieheari" {drain, Drain rC+ Str+4 Int+5}
   (You found it on level 2 of the Dungeon)

   A truly terrible weapon, it drains the life of any living foe it strikes.
   Str:       It affects your strength (+4).
   Int:       It affects your intelligence (+5).
   rC:        It protects you from cold.
   Drain:     It drains your maximum health when unequipped.
Armour
 c - a +0 leather armour (worn)
 i - a +0 pair of boots (worn)
 r - a +0 hat (worn)
Jewellery
 e - an amulet of reflection (around neck)
 v - an amulet of magic regeneration
Wands
 k - a wand of paralysis (11)
Scrolls
 b - a scroll of immolation
 d - 3 scrolls of magic mapping {unknown}
 f - a scroll of blinking {unknown}
 h - a scroll of vulnerability {unknown}
 l - a scroll of identify {unknown}
 o - a scroll of enchant weapon {unknown}
 p - a scroll of butterflies {unknown}
 t - a scroll of summoning {unknown}
 u - a scroll of noise {unknown}
Potions
 j - 2 potions of curing {unknown}
 m - a potion of magic {unknown}
 n - a potion of invisibility {unknown}
 s - a potion of heal wounds {unknown}


   Skills:
 + Level 3.0 Fighting
 + Level 4.0 Ranged Weapons
 + Level 2.7 Dodging
 - Level 1.0 Stealth


You had 2 spell levels left.
You didn't know any spells.
Your spell library contained the following spells:

 Spells                   Type           Power      Damage    Failure   Level
 Beastly Appendage        Tmut           0%         N/A       45%         1
 Wereblood                Tmut           0%         N/A       58%         2
 Spider Form              Tmut/Pois      0%         N/A       83%         3


Dungeon Overview and Level Annotations

Branches:
Dungeon (3/15)

Altars:

Annotations:
D:3 Terence


Innate Abilities, Weirdness & Mutations

You are partially covered in slimy green scales. (AC +2)
You regenerate a little health from kills.


Message History

Fire: a) +0 shortbow
Press: ? - help, Q - select action, (/) - cycle Shift-Dir - straight line, f/p - Terence
Aim: Terence, wielding a +0 flail and wearing a +0 chain mail (moderately wounded, 71% to hit)
You shoot an arrow. The arrow hits Terence.
Terence is heavily wounded.
Terence shouts, "Now you die!" Terence closely misses you.
Fire: a) +0 shortbow
Press: ? - help, Q - select action, (/) - cycle Shift-Dir - straight line, f/p - Terence
Aim: Terence, wielding a +0 flail and wearing a +0 chain mail (heavily wounded, 71% to hit)
You shoot an arrow. The arrow completely misses Terence.
Terence screams, "I'm going to kill you!"
Terence barely misses you. x2
Fire: a) +0 shortbow
Press: ? - help, Q - select action, (/) - cycle Shift-Dir - straight line, f/p - Terence
Aim: Terence, wielding a +0 flail and wearing a +0 chain mail (heavily wounded, 71% to hit)
You shoot an arrow. The arrow closely misses Terence.
Terence hits you with a +0 flail!
Fire: a) +0 shortbow
Press: ? - help, Q - select action, (/) - cycle Shift-Dir - straight line, f/p - Terence
Aim: Terence, wielding a +0 flail and wearing a +0 chain mail (heavily wounded, 71% to hit)
You shoot an arrow. The arrow completely misses Terence.
Terence hits you with a +0 flail.
Fire: a) +0 shortbow
Press: ? - help, Q - select action, (/) - cycle Shift-Dir - straight line, f/p - Terence
Aim: Terence, wielding a +0 flail and wearing a +0 chain mail (heavily wounded, 71% to hit)
You shoot an arrow.
The arrow hits Terence but does no damage.
Terence is heavily wounded.
You block Terence's attack. Terence barely misses you.
Fire: a) +0 shortbow
Press: ? - help, Q - select action, (/) - cycle Shift-Dir - straight line, f/p - Terence
Aim: Terence, wielding a +0 flail and wearing a +0 chain mail (heavily wounded, 71% to hit)
You shoot an arrow. The arrow hits Terence.
Terence is severely wounded.
Terence hits you with a +0 flail!
* * * LOW HITPOINT WARNING * * *
Terence attacks as you move away! Terence hits you but does no damage.
Terence hits you with a +0 flail!
You die...

##...###.##..#.###
..................
#.#...#.#...#.### #
#.###...#...#.###.#
..###.####............
..................###
#............#..#####.#.
........@..>............
.......?.@...#..#####.#..
...########..#.^.........
#+ #..#...#.......
#..#...#.......
######..#...#.......
+...........+.......
####.#..#..##.......
#.#..#..# .......
#.#..#..# .......


You could see Terence.

Vanquished Creatures
  An adder (D:2)
  A worm (D:2)
  3 dart slugs (D:2)
  An orc (D:3)
  4 bats
  3 endoplasms
  3 giant cockroaches (D:2)
  6 goblins
  4 hobgoblins
  2 quokkas
  5 ball pythons
  5 frilled lizards
  A kobold (D:1)
  3 rats
42 creatures vanquished.

Notes
Turn   | Place    | Note
-------+----------+-------------------------------------------
     0 | D:1      | Thatpatchoflichen the Demonspawn Hunter began the quest for
                  | the Orb.
     0 | D:1      | Reached XP level 1. HP: 16/16 MP: 1/1
    49 | D:1      | Found a faded altar of an unknown god.
    58 | D:1      | Reached skill level 1 in Stealth
   218 | D:1      | Gained mutation: You regenerate a little health from kills.
                  | [demonic ancestry]
   218 | D:1      | Reached XP level 2. HP: 21/22 MP: 2/2
   878 | D:2      | Gained mutation: You are partially covered in slimy green
                  | scales. (AC +2) [demonic ancestry]
   878 | D:2      | Reached XP level 3. HP: 16/28 MP: 3/3
  1039 | D:2      | Reached skill level 4 in Ranged Weapons
  1089 | D:2      | Identified the +2 hand axe "Dieheari" {drain, Drain rC+
                  | Str+4 Int+5}
  1721 | D:3      | Noticed Terence
  1734 | D:3      | Slain by Terence

Illustrated notes

Levels and vault maps discovered:
D:1:      dpeg_arrival_round_a, layout_loops_ring,
          hellmonk_ecumenical_altar_arch_garden
D:2:      layout_basic, minivault_5
D:3:      layout_basic, minmay_checkerbox, uniq_terence

Skill      XL: |  1  2  3 |
---------------+----------+-----
Stealth        | 1 |  1.0
Dodging        | 2 |  2.7
Ranged Weapons | 4 |  4.0
Fighting       | 3 |  3.0

Action                   || total
-------------------------++-------
 Fire: Shortbow          ||   150
Armor: Leather armour    ||    38
Dodge: Dodged            ||    54
Block: Other             ||    19
